 Dungeon Crawl Stone Soup version 0.27-a0-287-gd4424db430 (webtiles) character file.

Game seed: 3149800932482810085

9212 lunkers the Geomancer (level 11, -7/74 HPs)
             Began as a Demigod Earth Elementalist on Feb 8, 2021.
             Mangled by a five-headed hydra (8 damage)
             ... on level 1 of the Lair of Beasts.
             The game lasted 00:22:53 (14183 turns).

lunkers the Geomancer (Demigod Earth Elementalist) Turns: 14183, Time: 00:22:54

Health: -7/74      AC:  6    Str: 11    XL:     11   Next: 0%
Magic:  16/28      EV: 16    Int: 25    God:
Gold:   457        SH:  0    Dex: 16    Spells: 21/27 levels left

rFire    + . .     SeeInvis .   w - +2 quarterstaff (speed)
rCold    + . .     Faith    .   (shield currently unavailable)
rNeg     . . .     Spirit   .   b - +2 robe {rC+ rF+}
rPois    .         Reflect  .   J - +1 hat {Will+}
rElec    .         Harm     .   (no cloak)
rCorr    .         Rampage  .   (no gloves)
Will     ++...                  d - +0 pair of boots
Stlth    ++........             a - amulet of regeneration
HPRegen  0.62/turn              A - +4 ring of evasion
MPRegen  0.21/turn              (no ring)

@: no status effects
A: high mp 1
a: no special abilities


You were on level 1 of the Lair of Beasts.
You visited 2 branches of the dungeon, and saw 10 of its levels.

You collected 457 gold pieces.

Inventory:

Hand Weapons
 v - a +0 whip of venom
 w - a +2 quarterstaff of speed (weapon)
 H - a +1 short sword of venom
Missiles
 m - 377 stones
Armour
 b - a +2 robe of resistance (worn)
 d - a +0 pair of boots (worn)
 n - a +0 helmet
 G - +0 steam dragon scales
 J - a +1 hat of willpower (worn)
Jewellery
 a - an amulet of regeneration (around neck)
 A - a +4 ring of evasion (left hand)
Wands
 y - a wand of digging (6)
 B - a wand of polymorph (10)
Scrolls
 c - a scroll of magic mapping {unknown}
 e - 2 scrolls of identify
 f - 2 scrolls of enchant weapon {unknown}
 g - 3 scrolls of amnesia {unknown}
 i - 6 scrolls of teleportation {unknown}
 k - 6 scrolls of immolation {unknown}
 o - a scroll of fog {unknown}
 s - 4 scrolls of remove curse {unknown}
 x - a scroll of blinking {unknown}
 C - a scroll of vulnerability {unknown}
 E - 2 scrolls of fear {unknown}
 F - a scroll of enchant armour {unknown}
Potions
 h - 3 potions of attraction
 j - 7 potions of curing
 l - a potion of flight
 p - a potion of mutation
 q - 2 potions of heal wounds
 r - 3 potions of might
 t - a potion of cancellation
 u - a potion of resistance
 z - a potion of lignification
 D - a potion of ambrosia
Miscellaneous
 I - a phantom mirror


   Skills:
 + Level 0.0 Fighting
 - Level 1.7 Dodging
 - Level 1.7 Stealth
 + Level 8.8 Spellcasting
 - Level 0.8 Transmutations
 * Level 13.0 Earth Magic


You had 21 spell levels left.
You knew the following spells:

 Your Spells              Type           Power        Failure   Level
a - Stone Arrow           Conj/Erth      86%          1%          3
b - Passwall              Tmut/Erth      37%          1%          2
c - Sandblast             Erth           100%         1%          1

Your spell library contained the following spells:

 Spells                   Type           Power        Failure   Level
 Lee's Rapid Deconstruct  Erth           33%          1%          5
 Petrify                  Tmut/Erth      45%          3%          4
 Animate Skeleton         Necr           22%          5%          1
 Apportation              Tloc           22%          5%          1
 Corona                   Hex            12%          5%          1
 Foxfire                  Conj/Fire      44%          5%          1
 Magic Dart               Conj           44%          5%          1
 Summon Small Mammal      Summ           44%          5%          1
 Blink                    Tloc           N/A          9%          2
 Call Imp                 Summ           11%          9%          2
 Searing Ray              Conj           22%          9%          2
 Slow                     Hex            11%          9%          2
 Conjure Flame            Conj/Fire      11%          17%         3
 Dazzling Flash           Conj/Hex       22%          17%         3
 Inner Flame              Hex/Fire       11%          17%         3
 Mephitic Cloud           Conj/Pois/Air  11%          17%         3
 Fulminant Prism          Conj/Hex       5%           50%         4
 Iskenderun's Mystic Bla  Conj/Tloc      11%          50%         4
 Sticky Flame             Conj/Fire      11%          50%         4
 Fireball                 Conj/Fire      5%           83%         5


Dungeon Overview and Level Annotations

Branches:
Dungeon (9/15)             Temple (0/1) D:6            Lair (1/6) D:9
    Orc: D:9-12

Shops:
D:3 *   D:7 *


Innate Abilities, Weirdness & Mutations

You have an increased reservoir of magic. (+10% MP)


Message History

The five-headed hydra bites you!
* * * LOW HITPOINT WARNING * * *
The five-headed hydra bites you.
* * * LOW HITPOINT WARNING * * *
The five-headed hydra bites you!
* * * LOW HITPOINT WARNING * * *
The five-headed hydra barely misses you.
Unknown command.
Casting: Stone Arrow (safe; 1% risk of failure)
Confirm with . or Enter, or press ? or * to list all spells.
Okay, then.
Casting: Stone Arrow (safe; 1% risk of failure)
Confirm with . or Enter, or press ? or * to list all spells.
Aiming: Stone Arrow (safe; 1% risk of failure)
Press: ? - help, Shift-Dir - straight line, f/p - five-headed hydra
Aim: a five-headed hydra (severely wounded, 8% to evade)
The stone arrow hits the five-headed hydra!!
The five-headed hydra is almost dead.
The five-headed hydra bites you!
You die...

#......##.≈≈.#...##.....#
.#.....##....#....#..).##
.##....##...............
##...#.............#..
..#...............#...
...#.................#
.........#..##......##
.........#...........##
#......@D..8............
.#..........##..........
....###.#...#.........#.
....[......#..........#.
.....8..................
#.........#.............
...8...8.#..............
#........##............#
#....8....#...........##


You could see a five-headed hydra.

Vanquished Creatures
  Gastronok (Lair:1)
  A black mamba (Lair:1)
  Maggie (D:8)
  2 cane toads (Lair:1)
  2 komodo dragons (Lair:1)
  Sigmund (D:5)
  Eustachio (D:4)
  3 wargs (D:9)
  A water moccasin (Lair:1)
  Duvessa (D:7)
  3 ice beasts
  3 orc warriors
  4 sky beasts
  A black bear (D:9)
  3 ogres
  5 centaurs
  A phantom (D:4)
  3 kobold brigands
  5 bullfrogs
  A wyvern skeleton (D:7)
  3 scorpions
  Dowan (D:7)
  5 killer bees (D:9)
  5 wights (D:9)
  3 howler monkeys
  6 hounds
  9 orc priests
  2 bullfrog skeletons
  2 centaur skeletons
  Jessica (D:2)
  An iguana (D:8)
  18 orc wizards
  7 worker ants
  A hound zombie (D:5)
  Robin (D:2)
  6 adders
  12 gnolls
  6 white imps
  3 ufetubi
  An adder zombie (D:7)
  An adder skeleton (D:6)
  3 worms
  5 dart slugs
  8 leopard geckos
  48 orcs
  6 giant cockroaches
  16 goblins
  8 hobgoblins
  14 jackals
  2 quokkas
  9 bats
  4 frilled lizards
  A jackal skeleton (D:9)
  17 kobolds
  A quokka zombie (D:4)
  5 rats
284 creatures vanquished.

Vanquished Creatures (others)
  9 plants
9 creatures vanquished.

Grand Total: 293 creatures vanquished

Notes
Turn   | Place    | Note
-------+----------+-------------------------------------------
     0 | D:1      | lunkers the Demigod Earth Elementalist began the quest for
                  | the Orb.
     0 | D:1      | Reached XP level 1. HP: 14/14 MP: 5/5
   358 | D:1      | Reached skill level 3 in Earth Magic
   652 | D:1      | Reached XP level 2. HP: 20/20 MP: 1/7
  1494 | D:2      | Learned a level 2 spell: Passwall
  1550 | D:2      | Noticed Jessica
  1556 | D:2      | Killed Jessica
  1557 | D:2      | Reached XP level 3. HP: 26/26 MP: 5/9
  1581 | D:1      | Learned a level 3 spell: Stone Arrow
  1730 | D:2      | Found a burning altar of Makhleb.
  1831 | D:1      | Reached skill level 4 in Earth Magic
  1909 | D:2      | Reached XP level 4. HP: 33/33 MP: 6/10
  2144 | D:2      | Noticed Robin
  2896 | D:2      | Killed Robin
  3411 | D:3      | Reached XP level 5. HP: 38/38 MP: 1/12
  3976 | D:3      | Found Zin's Purification Station.
  3979 | D:3      | Found a glowing silver altar of Zin.
  4460 | D:3      | Reached skill level 5 in Earth Magic
  4512 | D:3      | Found a stormy altar of Qazlal.
  4513 | D:3      | Found an ancient bone altar of Kikubaaqudgha.
  4514 | D:3      | Found a shimmering blue altar of Sif Muna.
  5205 | D:4      | Reached XP level 6. HP: 45/45 MP: 7/14
  5391 | D:4      | Reached skill level 6 in Earth Magic
  5624 | D:4      | Reached XP level 7. HP: 50/50 MP: 12/16
  5730 | D:4      | Found a hide-covered altar of Uskayaw.
  6288 | D:4      | Noticed Eustachio
  6292 | D:4      | Killed Eustachio
  6293 | D:4      | Reached skill level 7 in Earth Magic
  6452 | D:5      | Entered Level 5 of the Dungeon
  7291 | D:5      | Found an iron altar of Okawaru.
  7382 | D:5      | Reached skill level 5 in Spellcasting
  7485 | D:5      | Reached XP level 8. HP: 57/57 MP: 7/19
  7611 | D:5      | Reached skill level 8 in Earth Magic
  7972 | D:5      | Noticed Sigmund
  7982 | D:5      | Killed Sigmund
  8408 | D:6      | Found a staircase to the Ecumenical Temple.
  8495 | D:6      | Reached skill level 9 in Earth Magic
  9156 | D:6      | Reached XP level 9. HP: 62/62 MP: 7/22
 10047 | D:7      | Reached skill level 10 in Earth Magic
 10102 | D:7      | Noticed Duvessa
 10102 | D:7      | Noticed Dowan
 10105 | D:7      | Killed Dowan
 10117 | D:7      | Killed Duvessa
 10833 | D:7      | Found Hozojoum's Lightly-Used Armoury.
 11180 | D:8      | Reached skill level 11 in Earth Magic
 11300 | D:8      | Noticed Maggie
 11310 | D:8      | Killed Maggie
 11743 | D:8      | Reached XP level 10. HP: 69/69 MP: 21/25
 12335 | D:9      | Found a staircase to the Lair.
 12743 | D:9      | Found a burning altar of Makhleb.
 12961 | D:9      | Reached skill level 12 in Earth Magic
 13787 | Lair:1   | Entered Level 1 of the Lair of Beasts
 13867 | Lair:1   | Noticed Gastronok
 13882 | Lair:1   | Killed Gastronok
 14009 | Lair:1   | Noticed a black mamba
 14018 | Lair:1   | Killed a black mamba
 14019 | Lair:1   | Reached skill level 13 in Earth Magic
 14019 | Lair:1   | Reached XP level 11. HP: 74/74 MP: 1/28
 14156 | Lair:1   | Noticed a five-headed hydra
 14158 | Lair:1   | Noticed a seven-headed hydra
 14182 | Lair:1   | HP: 1/74 [five-headed hydra (8)]
 14183 | Lair:1   | Mangled by a five-headed hydra

Illustrated notes

Levels and vault maps discovered:
D:1:      dpeg_arrival_round_c, layout_basic, serial_co_window_serial,
          co_window_paths_a, co_window_paths_b, co_window_paths_a,
          co_window_paths_b, co_window_corner_a, co_window_paths_b,
          co_window_corner_ca, co_window_corner_cb, co_window_of_opportunity_b,
          co_window_paths_c, co_window_cross_3, co_window_paths_d,
          glass_columns_a, glass_columns_c, glass_columns_a, glass_columns_b,
          minmay_crystal_water
D:2:      layout_loops_ring, bloody_makhleb, uniq_jessica, uniq_robin
D:3:      layout_basic, zin_purify, gammafunk_temple_overflow_forgotten
D:4:      corexii_shack_village, layout_rooms, eat_drink_and_be_merry_uskayaw,
          serial_curves, eino_curves_01, eino_curves_02, eino_curves_02,
          eino_curves_03, uniq_eustachio
D:5:      layout_cave_pools, okawaru_gym_becter, uniq_sigmund
D:6:      layout_cave_pools, minmay_temple_entry_overgrown,
          lexackson_kobold_supper
D:7:      layout_basic, minmay_shop_damaged, uniq_duvessa
D:8:      layout_cave_pools, uniq_maggie
D:9:      layout_loops_ring, erik_lair_orcish_takeover, basic_altar
Lair:1:   layout_hall_layers, lemuel_oklob_altar, grunt_megastairs_4,
          infiniplex_staircase_pool, uniq_gastronok

Skill      XL: |  1  2  3  4  5  6  7  8  9 10 |
---------------+-------------------------------+-----
Earth Magic    | 3 4 5 6 7 9 11 13 | 13.0
Spellcasting   | 2 3 4 5 6 7 8 |  8.8
Dodging        | |  1.7
Stealth        | |  1.7
Transmutations | |  0.8

Action                   |  1- 3 |  4- 6 |  7- 9 | 10-12 || total
-------------------------+-------+-------+-------+-------++-------
Melee: Unarmed           |     3 |    10 |     5 |       ||    18
       Whip              |       |       |    47 |       ||    47
       Quarterstaff      |       |       |       |    26 ||    26
 Cast: Sandblast         |    30 |    14 |    37 |    12 ||    93
       Stone Arrow       |    11 |    70 |   206 |    87 ||   374
  Use: Scroll            |       |     3 |     7 |     1 ||    11
       Potion            |       |       |     1 |       ||     1
Armor: Robe              |     6 |     9 |    38 |    16 ||    69
       Skin              |       |       |    11 |       ||    11
Dodge: Dodged            |    16 |    24 |    93 |    46 ||   179

Table legend: (Time is in decaauts)
 A = Elapsed time spent in this place.
 B = Non-inter-level travel time spent in this place.
 C = Inter-level travel time spent in this place.
 D = Time resting spent in this place.
 E = Time spent auto-exploring this place.
 F = Levels seen in this place.
 G = Mean time per level.
                   A        B        C        D        E       F      G
               +--------+--------+--------+--------+--------+-----+--------+
         Total |  14203 |  13930 |    273 |   1479 |  10503 |  10 | 1420.3 |
       Dungeon |  13806 |  13534 |    272 |   1479 |  10186 |   9 | 1534.0 |
          Lair |    397 |    397 |      0 |      0 |    316 |   1 |  397.0 |
               +--------+--------+--------+--------+--------+-----+--------+

Top non-repeatable levels by time:
     D:3: 2018 daAuts
     D:4: 1991 daAuts
     D:1: 1688 daAuts
     D:9: 1569 daAuts
     D:2: 1449 daAuts
     D:5: 1445 daAuts
     D:6: 1376 daAuts
     D:7: 1195 daAuts
     D:8: 1071 daAuts
  Lair:1: 397 daAuts
